 Dungeon Crawl Stone Soup version 0.23-a0-650-ga4d50d4 (webtiles) character file.

41 Borgoz the Cutter (level 3, 0/24 HPs)
             Began as a Kobold Berserker on Jan 2, 2019.
             Was a Believer of Trog.
             Slain by a quokka (4 damage)
             ... on level 2 of the Dungeon.
             The game lasted 00:03:07 (797 turns).

Borgoz the Cutter (Kobold Berserker)                 Turns: 797, Time: 00:03:08

Health: 0/24       AC:  2    Str: 14    XL:     3   Next: 75%
Magic:  3/3        EV: 16    Int:  8    God:    Trog [**....]
Gold:   25         SH:  0    Dex: 15    Spells: 2/2 levels left

rFire    . . .     SeeInvis .   d - +0 short sword (speed)
rCold    . . .     Gourm    .   (shield restricted)
rNeg     . . .     Faith    .   b - +0 animal skin
rPois    .         Spirit   .   (no helmet)
rElec    .         Reflect  .   (no cloak)
rCorr    .         Harm     .   (no gloves)
MR       .....                  (no boots)
Stlth    ++........             (no amulet)
HPRegen  0.08/turn              (no ring)
MPRegen  0.08/turn              (no ring)

@: no status effects
A: small, carnivore
a: Berserk, Trog's Hand, Renounce Religion


You were on level 2 of the Dungeon.
You worshipped Trog.
Trog was pleased with you.
You were not hungry.

You visited 1 branch of the dungeon, and saw 2 of its levels.

You collected 25 gold pieces.

Inventory:

Hand Weapons
 a - a +0 short sword
 d - a +0 short sword of speed (weapon)
 e - a +3 dagger
 f - a +1 vampiric short sword
Armour
 b - a +0 animal skin (worn)
 l - a +2 scale mail of positive energy
Jewellery
 i - an uncursed ring of resist corrosion {unknown}
Scrolls
 g - a scroll of noise {unknown}
 h - a scroll of remove curse {unknown}
Potions
 j - a potion of cancellation {unknown}
 k - a potion of invisibility {unknown}
Comestibles
 c - 3 rations


   Skills:
 + Level 3.6 Fighting
 + Level 4.4 Short Blades
 + Level 1.9 Armour
 + Level 3.0 Dodging
 + Level 1.7 Stealth


You had 2 spell levels left.
You didn't know any spells.
Your spell library was empty.

Dungeon Overview and Level Annotations

Branches:
Dungeon (2/15)

Altars:


Innate Abilities, Weirdness & Mutations

You are small and have problems with some larger weapons.
You are carnivorous and can eat meat at any time.


Message History

You kill the jackal!
Trog accepts your kill. The quokka bites you.
* * * LOW HITPOINT WARNING * * *
You hit the jackal.
The jackal is moderately wounded.
You closely miss the jackal.
The jackal is moderately wounded.
The jackal closely misses you.
A jackal comes into view.
The quokka misses you.
You closely miss the jackal.
The jackal is moderately wounded.
The jackal barks!
The jackal barely misses you. The quokka closely misses you.
You hit the jackal.
The jackal is almost dead.
A jackal comes into view.
The quokka bites you.
You die...

# # . .## ##. #h. #.###h.#
#..#.#.#.# #.#.>rh....##
#.#..@h......
####.#.h###.###.##.
#....#..# ... #....# ###.#
##. ##...# #...
#..(%#...#####.##
...)....()......##
...%..#..###.#.#.## #
#[..!##..##..†#.#.####...#


You could see a quokka and 5 jackals.

Vanquished Creatures
  An adder (D:2)
  A dart slug (D:1)
  2 leopard geckos
  3 giant cockroaches
  A goblin (D:1)
  A hobgoblin (D:1)
  2 jackals (D:2)
  2 bats
  4 frilled lizards
  8 kobolds
  3 rats
28 creatures vanquished.

Notes
Turn   | Place    | Note
-------+----------+-------------------------------------------
     0 | D:1      | Borgoz the Kobold Berserker began the quest for the Orb.
     0 | D:1      | Reached XP level 1. HP: 14/14 MP: 1/1
   159 | D:1      | Reached XP level 2. HP: 8/19 MP: 2/2
   190 | D:1      | Reached skill level 1 in Stealth
   732 | D:2      | Reached XP level 3. HP: 23/23 MP: 3/3
   772 | D:2      | Reached ** piety under Trog
   797 | D:2      | Slain by a quokka

Vault maps used:
D:1:      lemuel_arrival_river_bridge, minmay_misc_feat_square
D:2:      minmay_pentomino_w4

Skill      XL: |  1  2  3 |
---------------+----------+-----
Stealth        | 1 |  1.7
Dodging        | 3 |  3.0
Fighting       | |  3.6
Short Blades   | |  4.4
Armour         | |  1.9

Action                   || total
-------------------------++-------
Melee: Short sword       ||   102
 Stab: Sleeping          ||     2
  Eat: Chunk             ||     1
Armor: Animal skin       ||    13
Dodge: Dodged            ||    54

Table legend:
 A = Non-vault XP
 B = Vault XP
 C = Vault XP percentage of total XP
 D = Non-vault monster count
 E = Vault monster count
 F = Vault count percentage of total count
                 A         B        C        D         E       F
            +---------+---------+-------+---------+---------+-------
      Total |      37 |      22 |  37.3 |      21 |       7 |  25.0
            +---------+---------+-------+---------+---------+-------
        D:1 |      28 |       0 |   0.0 |      15 |       0 |   0.0
        D:2 |       9 |      22 |  71.0 |       6 |       7 |  53.8
            +---------+---------+-------+---------+---------+-------
